 Dungeon Crawl Stone Soup version 0.21-a0-40-ge4214e1 (webtiles) character file.

210 Deathclocker the Skirmisher (level 5, -2/47 HPs)
             Began as a Minotaur Fighter on June 3, 2017.
             Slain by Blackbelt's ghost (4 damage)
             ... on level 5 of the Dungeon.
             The game lasted 00:02:54 (1149 turns).

Deathclocker the Skirmisher (Minotaur Fighter)      Turns: 1149, Time: 00:02:55

Health: -2/47      AC:  7    Str: 26    XL:     5   Next: 56%
Magic:  4/4        EV:  7    Int:  5    God:
Gold:   47         SH: 10    Dex: 10    Spells: 4/4 levels left

rFire    . . .     SeeInvis .   a - +0 long sword
rCold    . . .     Gourm    +   c - +0 shield
rNeg     . . .     Faith    .   b - +0 scale mail
rPois    .         Spirit   .   (helmet restricted)
rElec    .         Reflect  .   (no cloak)
rCorr    .         Harm     .   (no gloves)
MR       .....                  (no boots)
Stlth    ..........             k - amulet of the gourmand
Regen    0.2/turn               (no ring)
MPRegen  0.1/turn               (no ring)

@: mighty, drained
A: retaliatory headbutt, horns 2
a: no special abilities


You were on level 5 of the Dungeon.
You were completely stuffed.

You visited 1 branch of the dungeon, and saw 5 of its levels.

You collected 47 gold pieces.

Inventory:

Hand Weapons
 a - a +0 long sword (weapon)
Armour
 b - a +0 scale mail (worn)
 c - a +0 shield (worn)
Jewellery
 k - an amulet of the gourmand (around neck)
 o - an uncursed ring of ice {unknown}
Scrolls
 h - a scroll of random uselessness {unknown}
 i - 2 scrolls of identify {unknown}
 j - a scroll of blinking {unknown}
 m - 2 scrolls of remove curse {unknown}
Potions
 e - a potion of magic {unknown}
Comestibles
 f - 3 bread rations
 g - 2 meat rations
 l - 4 fruits
 n - 4 chunks of flesh
 p - a royal jelly


   Skills:
 + Level 4.8(4.1) Fighting
 + Level 4.7(4.0) Long Blades
 + Level 4.7(4.0) Armour
 + Level 4.6(3.9) Shields


You had 4 spell levels left.
You didn't know any spells.

Dungeon Overview and Level Annotations

Branches:
Dungeon (6/15)
 Temple: D:4-7

Altars:
Hepliaklqana

Annotations:
D:5 Blackbelt's ghost, novice DsGl


Innate Abilities, Weirdness & Mutations

You reflexively headbutt those who attack you in melee.
You have a pair of horns on your head.


Message History

The phantom blinks!
Blackbelt's ghost hits you but does no damage.
You miss Blackbelt's ghost. Your headbutt misses Blackbelt's ghost.
Blackbelt's ghost is moderately damaged.
You block the phantom's attack. Blackbelt's ghost closely misses you.
You miss Blackbelt's ghost. You headbutt Blackbelt's ghost!
Blackbelt's ghost is heavily damaged.
The phantom hits you but does no damage.
You block Blackbelt's ghost's attack. The phantom hits you.
* * * LOW HITPOINT WARNING * * *
The phantom blinks!
Your shield prevents you from hitting Blackbelt's ghost.
Blackbelt's ghost is heavily damaged.
Blackbelt's ghost wails, "What do you have that I didn't have?"
Blackbelt's ghost hits you.
* * * LOW HITPOINT WARNING * * *
You barely miss Blackbelt's ghost. Your headbutt misses Blackbelt's ghost.
Blackbelt's ghost is heavily damaged.
Blackbelt's ghost hits you.
You die...

#..######...# #..# ###.# #..#
#)# #.W# #.### #..# #...#
#W.# ###W# #..# #.# #..#
#.#### #..# #WW@.#
#.################ +#
#.##.o..W..W...†.####.#
#.##.###########.##.#.#
##.##.###### #.##.#.#
#............####.##.#.# .
##.##.#####.$........#.##....
####.# ##.........>.......
#.# ######.####.......


You could see a phantom and Blackbelt's ghost.

Vanquished Creatures
  A crimson imp (D:5)
  A hound (D:5)
  2 orc wizards (D:6)
  A killer bee zombie (D:6)
  An adder (D:2)
  A worm (D:2)
  A dart slug (D:1)
  A leopard gecko (D:2)
  3 orcs
  A giant cockroach (D:2)
  8 hobgoblins
  4 jackals (D:2)
  A quokka (D:6)
  2 bats (D:1)
  6 frilled lizards
  4 goblins
  6 kobolds
  8 rats
52 creatures vanquished.

Notes
Turn   | Place    | Note
-------+----------+-------------------------------------------
     0 | D:1      | Deathclocker the Minotaur Fighter began the quest for the Orb.
     0 | D:1      | Reached XP level 1. HP: 19/19 MP: 0/0
    71 | D:1      | Reached XP level 2. HP: 24/27 MP: 1/1
   455 | D:2      | Reached XP level 3. HP: 29/33 MP: 2/2
   571 | D:2      | Found a hazy altar of Hepliaklqana.
   999 | D:3      | You fall through a shaft for 3 floors!
  1030 | D:6      | Reached XP level 4. HP: 41/41 MP: 3/3
  1070 | D:6      | Reached XP level 5. HP: 37/47 MP: 4/4
  1077 | D:5      | Entered Level 5 of the Dungeon
  1077 | D:5      | Noticed Blackbelt's ghost (novice DsGl)
  1086 | D:5      | Noticed a phantom
  1148 | D:5      | HP: 2/47 [Blackbelt's ghost (5)]
  1149 | D:5      | Slain by Blackbelt's ghost

Vault maps used:
D:1:      lemuel_arrival_tunnels
D:2:      nicolae_overflow_crystal_walls, minmay_misc_feat_more_columns,
          st_stairs_13
D:3:      first_bread, led_xom_imps, uniq_sigmund
D:5:      kennysheep_mini_moat, minmay_temple_entry_glassed_door, led_sif_pool
D:6:      uniq_edmund

Skill      XL: |  1  2  3  4 |
---------------+-------------+-----
Armour         | 4 |  4.7
Fighting       | 4 |  4.8
Shields        | 4 |  4.6
Long Blades    | 3 4 |  4.7

Action                   |  1- 3 |  4- 6 || total
-------------------------+-------+-------++-------
Melee: Long sword        |    96 |    34 ||   130
       Headbutt          |    10 |     6 ||    16
  Use: Potion            |       |     1 ||     1
  Eat: Chunk             |    11 |       ||    11
Armor: Scale mail        |    29 |    13 ||    42
Dodge: Dodged            |    30 |    16 ||    46
Block: Shield            |    63 |    21 ||    84
       Rpst.: Long sword |     9 |     4 ||    13
